 Dungeon Crawl Stone Soup version 0.29-a0-243-g602b31c20e (webtiles) character file.

Game seed: 6983010260369715910

550785 inmateoo the Stickfighter (level 26, -2/213 HPs)
             Began as a Gnoll Wanderer on Mar 3, 2022.
             Was the Champion of Cheibriados.
             Slain by a Hell Sentinel (15 damage)
             ... summoned by a dread lich
             ... while paralysed by a dread lich
             ... on level 5 of the Realm of Zot on Mar 5, 2022.
             The game lasted 01:52:07 (73077 turns).

inmateoo the Stickfighter (Gnoll Wanderer)         Turns: 73077, Time: 01:52:08

Health: -2/213     AC: 21    Str: 25    XL:     26   Next: 30%
Magic:  18/44      EV:  2    Int: 37    God:    Cheibriados [******]
Gold:   4016       SH:  0    Dex: 26    Spells: 9/60 levels left

rFire   . . .      SeeInvis +     - Unarmed
rCold   + + .      Faith    .   (shield currently unavailable)
rNeg    . . .      Spirit   .   (body armour currently unavailable)
rPois   ∞          Reflect  .   (helmet currently unavailable)
rElec   +          Harm     .   (cloak currently unavailable)
rCorr   .          Rampage  .   (gloves currently unavailable)
Will    +....      Rage     3%  (boots currently unavailable)
Stlth   +++++++...              y - amulet of regeneration
HPRegen 1.25/turn               V - ring of Athieta {Fly rC++}
MPRegen 0.29/turn               D - ring of wizardry

@: paralysed, storm-form, flying, studying 3 skills, very slow
A: cleaving, flying, (fangs 1), strong nose, distributed training, see
invisible, berserk 2, clumsy 1, dopey 1, (shaggy fur 1)
}: 3/15 runes: serpentine, barnacled, silver
a: Blinkbolt, End Transformation, Renounce Religion, Bend Time, Temporal
Distortion, Slouch, Step From Time


You were on level 5 of the Realm of Zot.
You worshipped Cheibriados.
Cheibriados was exalted by your worship.
You were a lightning-filled tempest!
You visited 10 branches of the dungeon, and saw 49 of its levels.
You also visited: Gauntlet, Ice Cave and Volcano.

You collected 9171 gold pieces.
You spent 5155 gold pieces at shops.

Inventory:

Hand Weapons
 b - the +6 morningstar "Ontousouha" {freeze, +Blink rPois rCorr}
   (You took it off a yaktaur captain on level 5 of the Vaults)

   It freezes those it strikes, dealing additional cold damage.
   It can also slow down cold-blooded creatures.
   rPois:     It protects you from poison.
   +Blink:    It lets you blink.
   rCorr:     It protects you from acid and corrosion.
 s - a +5 demon trident of draining
 w - the +6 double sword of Impeachment (melded) {holy, Str+6 Int+4 Dex-5}
   (You found it on level 3 of the Elven Halls)

   It has been blessed by the Shining One to cause great damage to the undead
   and demons.
   Str:       It affects your strength (+6).
   Int:       It affects your intelligence (+4).
   Dex:       It affects your dexterity (-5).
Missiles
 m - 31 boomerangs (quivered)
 A - 9 throwing nets
Armour
 g - a +2 cloak of willpower (melded)
 z - the +1 helmet of Vampiric Thralls (melded) {rElec Slay+2}
   (You acquired it on level 1 of the Lair of Beasts)

   Slay:      It affects your accuracy & damage with ranged weapons and melee
   (+2).
   rElec:     It insulates you from electricity.
 I - a +2 pair of boots of flying (melded)
 K - a +1 kite shield of reflection (melded)
 R - the +2 leather armour "Fouffeunn" (melded) {rElec rF+}
   (You bought it in a shop on level 2 of the Orcish Mines)

   rF:        It protects you from fire.
   rElec:     It insulates you from electricity.
 T - the +2 pair of gloves of the Great Game (melded) {rPois Will++ Int+3 Dex-5}
   (You found it on level 5 of the Lair of Beasts)

   Int:       It affects your intelligence (+3).
   Dex:       It affects your dexterity (-5).
   rPois:     It protects you from poison.
   Will:      It greatly increases your willpower.
Jewellery
 o - a ring of see invisible
 u - the ring of Ixifum {rC+ Will+++ Str+3}
   (You took it off an ogre mage on level 5 of the Vaults)

   [ring of protection from cold]

   Str:       It affects your strength (+3).
   rC:        It protects you from cold.
   Will:      It greatly increases your willpower.
 y - an amulet of regeneration (around neck)
 D - a ring of wizardry (right fist)
 F - the ring of Paoserid {rC+ rCorr Str+4 Dex-2 SInv}
   (You took it off a deep elf elementalist on level 3 of the Elven Halls)

   [ring of protection from cold]

   Str:       It affects your strength (+4).
   Dex:       It affects your dexterity (-2).
   rC:        It protects you from cold.
   SInv:      It lets you see invisible.
   rCorr:     It protects you from acid and corrosion.
 Q - the ring of the Burning Sultana {rPois Int+6 Stlth+}
   (You acquired it on level 1 of the Depths)

   [ring of intelligence]

   Int:       It affects your intelligence (+6).
   rPois:     It protects you from poison.
   Stlth:     It makes you more stealthy.
 S - a ring "Zoodghit" {rElec Will+ Dex+3 Stlth+}
   (You found it on level 5 of the Lair of Beasts)

   [ring of willpower]

   Dex:       It affects your dexterity (+3).
   rElec:     It insulates you from electricity.
   Will:      It increases your willpower.
   Stlth:     It makes you more stealthy.
 V - the ring of Athieta (left fist) {Fly rC++}
   (You found it in a Gauntlet)

   [ring of flight]

   rC:        It greatly protects you from cold.
   Fly:       It grants you flight.
 Y - the ring "Ziunk" {*Slow rElec rF+ Dex+4}
   (You found it on level 1 of the Vaults)

   [ring of protection from fire]

   Dex:       It affects your dexterity (+4).
   rF:        It protects you from fire.
   rElec:     It insulates you from electricity.
   *Slow:     It may slow you when you take damage.
 Z - the ring of Ysuonam {rElec rN+ MP+9 Str+6 Int+4}
   (You took it off a frost giant on level 5 of the Vaults)

   [ring of strength]

   Str:       It affects your strength (+6).
   Int:       It affects your intelligence (+4).
   rElec:     It insulates you from electricity.
   rN:        It protects you from negative energy.
   MP:        It affects your magic capacity (+9).
Wands
 d - a wand of mindburst (20)
 h - a wand of iceblast (32)
 i - a wand of paralysis (8)
 k - a wand of flame (102)
 r - a wand of acid (8)
 v - a wand of digging (15)
 W - a wand of polymorph (2)
Scrolls
 a - 11 scrolls of enchant armour
 e - 12 scrolls of teleportation
 q - 13 scrolls of fear
 t - 2 scrolls of magic mapping
 x - 5 scrolls of holy word
 J - 16 scrolls of fog
 L - 3 scrolls of enchant weapon
 N - 4 scrolls of silence
 P - 4 scrolls of blinking
 U - a scroll of summoning
Potions
 f - 16 potions of brilliance
 j - 6 potions of magic
 n - 26 potions of curing
 p - 14 potions of heal wounds
 E - 3 potions of invisibility
 G - 10 potions of might
 H - 6 potions of resistance
 O - 15 potions of ambrosia
Miscellaneous
 c - a phantom mirror
 l - a box of beasts
 C - a condenser vane
 X - a lightning rod (4/4)


   Skills:
 + Level 18.6 Fighting
 + Level 18.6 Short Blades
 + Level 17.6 Long Blades
 + Level 17.6 Axes
 + Level 17.6 Maces & Flails
 + Level 17.6 Polearms
 + Level 20.7 Staves
 + Level 17.6 Slings
 + Level 17.6 Bows
 + Level 17.6 Crossbows
 + Level 17.6 Throwing
 + Level 17.6 Armour
 + Level 17.6 Dodging
 + Level 17.6 Stealth
 + Level 17.6 Shields
 + Level 17.6 Unarmed Combat
 + Level 17.8 Spellcasting
 + Level 15.0 Conjurations
 + Level 15.0 Hexes
 + Level 15.0 Summonings
 + Level 15.0 Necromancy
 + Level 15.0 Translocations
 + Level 15.0 Transmutations
 + Level 15.0 Fire Magic
 + Level 16.3 Ice Magic
 + Level 18.2 Air Magic
 + Level 15.8 Earth Magic
 + Level 15.0 Poison Magic
 + Level 19.0 Invocations
 + Level 17.6 Evocations


You had 9 spell levels left.
You knew the following spells:

 Your Spells              Type           Power      Damage    Failure   Level
a - Storm Form            Tmut/Air       51%        N/A       1%          7
b - Stone Arrow           Conj/Erth      100%       3d13      0%          3
c - Tukima's Dance        Hex            97%        N/A       0%          3
d - Blade Hands           Tmut           48%        N/A       1%          5
e - Olgreb's Toxic Radia  Pois           97%        N/A       0%          4
f - Ozocubu's Refrigerat  Ice            50%        4d15      1%          7
g - Ignite Poison         Fire/Tmut/Pois 97%        N/A       0%          3
h - Summon Lightning Spi  Summ/Air       100%       N/A       0%          4
i - Ignition              Fire           48%        3d14      6%          8
j - Borgnjor's Vile Clut  Necr/Erth      49%        N/A       1%          5
k - Wereblood             Tmut           97%        N/A       0%          2

Your spell library contained the following spells:

 Spells                   Type           Power      Damage    Failure   Level
 Animate Skeleton         Necr           100%       N/A       0%          1
 Apportation              Tloc           100%       N/A       0%          1
 Foxfire                  Conj/Fire      100%       2x1d9     0%          1
 Pain                     Necr           100%       1d9       0%          1
 Sandblast                Erth           100%       2d20      0%          1
 Shock                    Conj/Air       100%       1d9       0%          1
 Slow                     Hex            100%       N/A       0%          1
 Summon Small Mammal      Summ           100%       N/A       0%          1
 Corpse Rot               Necr/Air       100%       N/A       0%          2
 Ensorcelled Hibernation  Hex/Ice        100%       N/A       0%          2
 Passwall                 Tmut/Erth      81%        N/A       0%          2
 Scorch                   Fire           100%       2d10      0%          2
 Static Discharge         Conj/Air       100%       N/A       0%          2
 Sublimation of Blood     Necr           97%        N/A       0%          2
 Call Canine Familiar     Summ           97%        N/A       0%          3
 Confusing Touch          Hex            97%        N/A       0%          3
 Conjure Flame            Conj/Fire      97%        6-21      0%          3
 Dazzling Flash           Conj/Hex       100%       N/A       0%          3
 Frozen Ramparts          Ice            100%       1d12      0%          3
 Inner Flame              Hex/Fire       97%        N/A       0%          3
 Mephitic Cloud           Conj/Pois/Air  100%       N/A       0%          3
 Portal Projectile        Hex/Tloc       100%       N/A       0%          3
 Spider Form              Tmut/Pois      97%        N/A       0%          3
 Summon Guardian Golem    Hex/Summ       97%        N/A       0%          3
 Swiftness                Air            100%       N/A       0%          3
 Vampiric Draining        Necr           97%        2d12      0%          3
 Airstrike                Air            53%        N/A       0%          4
 Anguish                  Hex/Necr       48%        N/A       0%          4
 Animate Armour           Summ/Erth      100%       N/A       0%          4
 Animate Dead             Necr           48%        N/A       0%          4
 Cause Fear               Hex            48%        N/A       0%          4
 Dispel Undead            Necr           97%        3d30      0%          4
 Flame Wave               Conj/Fire      97%        2d16      0%          4
 Hailstorm                Conj/Ice       99%        3d19      0%          4
 Ice Form                 Ice/Tmut       99%        N/A       0%          4
 Iskenderun's Mystic Bla  Conj/Tloc      97%        2d19      0%          4
 Leda's Liquefaction      Hex/Erth       49%        N/A       0%          4
 Passage of Golubria      Tloc           97%        N/A       0%          4
 Sticky Flame             Conj/Fire      97%        2d11      0%          4
 Summon Ice Beast         Ice/Summ       99%        N/A       0%          4
 Alistair's Intoxication  Tmut/Pois      64%        N/A       1%          5
 Excruciating Wounds      Necr           48%        N/A       1%          5
 Fireball                 Conj/Fire      48%        3d19      1%          5
 Freezing Cloud           Conj/Ice/Air   50%        6-21      1%          5
 Iskenderun's Battlesphe  Conj           97%        2d14      1%          5
 Lightning Bolt           Conj/Air       51%        1d72      1%          5
 Silence                  Hex/Air        51%        N/A       1%          5
 Summon Forest            Summ/Tloc      48%        N/A       1%          5
 Summon Mana Viper        Hex/Summ       97%        N/A       1%          5
 Yara's Violent Unravell  Hex/Tmut       48%        3d19      1%          5
 Conjure Ball Lightning   Conj/Air       51%        3x3d18    1%          6
 Death Channel            Necr           48%        N/A       1%          6
 Dispersal                Tloc           48%        N/A       1%          6
 Eringya's Noxious Bog    Tmut/Pois      48%        N/A       1%          6
 Iron Shot                Conj/Erth      49%        9d9       1%          6
 Starburst                Conj/Fire      48%        6d13      1%          6
 Summon Cactus Giant      Summ           48%        N/A       1%          6
 Dragon Form              Tmut           48%        N/A       1%          7
 Enfeeble                 Hex            48%        N/A       1%          7
 Haunt                    Necr/Summ      48%        N/A       1%          7
 Monstrous Menagerie      Summ           48%        N/A       1%          7
 Orb of Destruction       Conj           48%        9d13      1%          7
 Spellforged Servitor     Conj/Summ      48%        N/A       1%          7
 Summon Hydra             Summ           48%        N/A       1%          7
 Maxwell's Capacitive Co  Air            53%        ∞         1%          8
 Borgnjor's Revivificati  Necr           48%        N/A       6%          8
 Discord                  Hex            48%        N/A       6%          8
 Disjunction              Tloc           48%        N/A       6%          8
 Infestation              Necr           48%        N/A       6%          8
 Necromutation            Tmut/Necr      48%        N/A       6%          8
 Chain Lightning          Conj/Air       51%        3d68      38%         9
 Shatter                  Erth           50%        3d38*     50%         9
 Death's Door             Necr           48%        N/A       61%         9
 Fire Storm               Conj/Fire      48%        8d12      61%         9


Dungeon Overview and Level Annotations

Branches:
Dungeon (15/15)            Temple (1/1) D:6            Lair (6/6) D:11
 Shoals (4/4) Lair:3        Snake (4/4) Lair:2        Slime (0/5) Lair:6
    Orc (2/2) D:11            Elf (3/3) Orc:2        Vaults (5/5) D:14
  Crypt (0/3) Vaults:3     Depths (4/4) D:15            Zot (5/5) Depths:4
  IceCv (visited)         Volcano (visited)         Gauntlet (visited)

Altars:
Ashenzari
Cheibriados
Elyvilon
Fedhas
Gozag
Kikubaaqudgha
Makhleb
Nemelex Xobeh
Okawaru
Qazlal
Ru
Sif Muna
Trog
Uskayaw
Vehumet
Wu Jian
Xom
Yredelemnul
Zin
The Shining One
Beogh
Jiyva

Shops:
D:2 [   D:6 *   D:7 [   D:10 !   D:13 *   Orc:2 [![?   Elf:1 (   Snake:3 :=:=
Snake:4 *   Vaults:1 [   Vaults:4 !   Depths:4 :

Portals:
Hell: Depths:1 Depths:2 Depths:3 Depths:4
Abyss: Depths:3
Pandemonium: Depths:1 Depths:2
Ziggurat: Depths:1
Trove: Elf:2 (give +4 demon blade)

Annotations:
Elf:2 5 runed translucent doors


Innate Abilities, Weirdness & Mutations

You are a lightning-filled tempest!
Your electrical attacks strike out in all directions at once.
You are incredibly evasive.
You are flying.
You are immune to poison.
Your armour is entirely melded.
You are incapable of wielding weapons or throwing items.
((You have very sharp teeth.))
Your uncanny sense of smell can sniff out nearby items.
Your experience applies equally to all skills.
You have supernaturally acute eyesight. (SInv)
You often lose your temper in combat.
You are clumsy. (Dex -2)
You are dopey. (Int -2)
((You are covered in fur. (AC +1)))


Message History

Your Hexes skill increases to level 15!
Your Summonings skill increases to level 15!
Your Necromancy skill increases to level 15!
Your Translocations skill increases to level 15!
Your Transmutations skill increases to level 15!
Your Fire Magic skill increases to level 15!
Your Poison Magic skill increases to level 15!
You batter the dread lich!!
The dread lich is almost destroyed.
You buffet the dread lich!
The dread lich is almost destroyed.
You hit the Hell Sentinel but do no damage.
The dread lich gestures at you while chanting.
You suddenly lose the ability to move!
An Orb Guardian comes into view.
The Hell Sentinel hits you!
The Hell Sentinel hits you but does no damage.
The dread lich casts a spell.
The Hell Sentinel hits you! The Hell Sentinel hits you.
The dread lich touches you.
An orb of fire comes into view.
The tormentor calls on the powers of darkness!
Your body is wracked with pain!
* * * LOW HITPOINT WARNING * * *
The Orb Guardian convulses!
The Hell Sentinel hits you!!
* * * LOW HITPOINT WARNING * * *
The Hell Sentinel hits you but does no damage.
The dread lich touches you.
* * * LOW HITPOINT WARNING * * *
The Hell Sentinel hits you but does no damage. x2
The dread lich gestures wildly while chanting.
The dread lich seems to speed up.
The Hell Sentinel hits you!
* * * LOW HITPOINT WARNING * * *
The Hell Sentinel hits you but does no damage.
The tormentor calls on the powers of darkness!
The Orb Guardian convulses!
Your body is wracked with pain!
* * * LOW HITPOINT WARNING * * *
The dread lich touches you but does no damage.
The Hell Sentinel barely misses you. The Hell Sentinel hits you!
You die...

,,,,,,,,,,,,,,,,,,* ##..........
,,,^,,,,,..^....,,* #..........
,,,,,^,,,.......,∆* ##..........
,,,,,,,,,.......,,* #...........
,,,,,,,,,.......,,* ##...........
,,,,,,,,,.......,,*##............
,,,,,^,,,....../,###...##########
,,,,,^,,,....*.L##....##
*,,,,,,,,....2X1v...###
**,,,,,**▓▓▓▓▓▓▓▓▓▓▓#
*,,,,,,,,,,,,,,,****
,,,,,,,,,,,,,,,,,,,***
,^,,,,,,,,,,,,,,,,,,,**
,,,,,,,,,,,,^,,,,,,,,,* *********
,,,,,,,,,,,,,,,,,,,,,,***^,,,,,,*
,,,,,,,,,,,,,,,,,,,^,,**,,,,,^,,,
,,,,,^,,,,,,,,,,,,,,,,*,^^,,,,,,^


You could see an orb of fire, a Hell Sentinel (summoned), a dread lich (fast),
an Orb Guardian and a tormentor (summoned).

Vanquished Creatures
  4 ancient liches
  Josephina (Zot:2)
  Sojobo (Depths:4)
  Margery (Vaults:3)
  2 curse toes
  The ghost of Ihia the Bewitcher, an adept DrHu of Sif Muna (Elf:3)
  The ghost of Angani the Bewitcher, an adept DrHu of Sif Muna (Elf:3)
  3 golden dragons
  A bone dragon (Depths:4)
  2 electric golems
  A walking crystal tome (Depths:4)
  10 tentacled monstrosities
  9 Orb Guardians (Zot:5)
  Jorgrun (D:12)
  The ghost of Haeres the Devastator, an adept DsCj of Gozag (Shoals:2)
  The ghost of p0werm0de the Tortoise, an adept MiFi of Okawaru (Vaults:1)
  4 liches
  2 deep elf master archers
  The ghost of Hanyag the Tortoise, an adept PaMo of Okawaru (Vaults:1)
  A deep elf blademaster (Elf:3)
  2 titans (Vaults:5)
  The ghost of Jysseapa the Warrior, an adept HuHu of Gozag (Elf:3)
  6 quicksilver dragons
  An ancient champion (Depths:1)
  Frances (Shoals:1)
  7 death cobs
  2 sphinxes (Vaults:5)
  3 krakens
  11 shadow dragons
  6 draconian monks
  15 storm dragons
  The ghost of Wourromi the Stormcaller, an adept TeCj of Vehumet (Shoals:2)
  8 tengu reavers
  The ghost of Avuolin the Slicer, an adept HaHu of Okawaru (Shoals:2)
  The ghost of Wosog the Thaumaturge, an adept DrCj of Vehumet (Shoals:2)
  The ghost of Goze the Spry, an adept MfGl of Jiyva (Shoals:2)
  6 draconian knights
  13 nagarajas
  9 frost giants
  2 fire giants
  12 vault wardens
  An iron dragon (Depths:1)
  11 deep elf sorcerers
  3 ghost moths
  Louise (Shoals:3)
  4 draconian scorchers
  7 draconian stormcallers
  4 deep elf elementalists (Elf:3)
  6 draconian annihilators
  5 draconian shifters
  2 spriggan defenders
  3 war gargoyles
  18 ironbound preservers
  15 stone giants
  2 vampire knights
  7 ironbound thunderhulks
  16 very ugly things
  Nessos (Lair:4)
  9 deep elf annihilators
  10 yellow draconians
  7 black draconians
  8 dire elephants
  12 white draconians
  7 red draconians
  2 entropy weavers
  A spark wasp (Depths:1)
  13 green draconians
  5 deep elf demonologists
  12 purple draconians
  A spark wasp (shapeshifter) (Vaults:5)
  A minotaur (Gauntlet)
  Snorg (D:9)
  4 merfolk javelineers
  A jiangshi (Depths:1)
  A green death (Depths:2)
  2 deep elf death magi
  4 great orbs of eyes
  12 ettins
  7 fire dragons
  A crystal guardian (Vaults:3)
  21 yaktaur captains
  A caustic shrike simulacrum (Depths:1)
  27 vault guards
  5 merfolk impalers
  A peacekeeper (Vaults:3)
  6 boulder beetles
  16 hydras
  11 ice dragons
  4 salamander tyrants
  3 ogre magi
  4 rakshasas
  10 naga warriors
  2 spriggan air magi (Depths:4)
  13 centaur warriors
  6 two-headed ogres
  The ghost of robertstho the Thaumaturge, a journeyman DjFE of Makhleb (D:9)
  7 ironbound frosthearts
  9 anacondas
  A death yak (Lair:5)
  2 hell beasts (Depths:1)
  14 dancing weapons
  An alligator (shapeshifter) (Vaults:5)
  3 catoblepae
  6 merfolk aquamancers
  A merfolk avatar (Shoals:3)
  11 deep troll earth magi
  A satyr (Shoals:3)
  A deep troll shaman (Depths:1)
  A hell hog (Gauntlet)
  4 orc high priests
  16 tengu warriors
  A titan zombie (Depths:1)
  3 vampire magi
  3 spriggan berserkers
  5 shock serpents
  14 naga sharpshooters
  7 deep elf knights
  4 sun demons (Volcano)
  11 hell knights
  A shadow wraith (Vaults:5)
  6 salamander mystics
  4 skeletal warriors
  7 iron trolls
  17 sea snakes
  A flayed ghost (Vaults:5)
  9 naga ritualists
  4 phantasmal warriors
  2 glowing orange brains
  10 ironbound convokers
  Lodul (D:13)
  A kraken simulacrum (Shoals:4)
  9 wizards
  A shadow dragon zombie (Vaults:2)
  62 deep trolls
  Pikel (D:8)
  2 orb spiders (shapeshifter) (Vaults:5)
  22 harpies
  8 necromancers
  11 lindwurms
  7 deep elf archers
  22 deep elf pyromancers
  A mana viper (shapeshifter) (Elf:3)
  14 mana vipers
  8 orc knights
  3 orc sorcerers (Orc:2)
  17 deep elf zephyrmancers
  18 manticores
  2 wolf spiders
  19 fauns
  39 ugly things
  14 cyclopes
  26 moths of wrath
  A human skeleton (Vaults:2)
  2 manticores (shapeshifter) (Vaults:5)
  17 salamanders
  A rust devil (Depths:2)
  A frost giant skeleton (Depths:1)
  A black mamba (shapeshifter) (D:15)
  3 water nymphs (Shoals:4)
  Maurice (Orc:2)
  3 ice statues (IceCv)
  17 vault sentinels
  A titan simulacrum (Depths:1)
  17 elephants
  9 merfolk sirens
  A molten gargoyle (Depths:1)
  40 black mambas
  10 guardian serpents
  6 smoke demons
  6 torpor snails
  An orange demon (Depths:2)
  2 storm dragon simulacra (Zot:2)
  17 cane toads
  A cane toad (shapeshifter) (Vaults:5)
  11 naga magi
  An unseen horror (shapeshifter) (D:15)
  An unseen horror (D:12)
  3 efreet
  5 rime drakes
  2 ice devils (Orc:1)
  An anaconda simulacrum (IceCv)
  11 komodo dragons
  An entropy weaver simulacrum (IceCv)
  3 tengu conjurers
  4 freezing wraiths
  24 yaktaurs
  A guardian mummy (Elf:2)
  A meliai (shapeshifter) (Vaults:5)
  A golden dragon simulacrum (Zot:2)
  3 polar bears
  A queen bee (Lair:2)
  A shadow dragon simulacrum (Zot:2)
  6 wind drakes
  8 trolls
  A tarantella (Vaults:2)
  36 merfolk
  22 slime creatures
  A hornet (shapeshifter) (Elf:1)
  10 hornets
  3 tyrant leeches (Lair:6)
  11 dream sheep
  9 blink frogs
  7 snapping turtles
  A raiju (shapeshifter) (Vaults:5)
  A frost giant simulacrum (Vaults:2)
  A shadow (D:12)
  3 wraiths
  2 centaur simulacra
  A dire elephant simulacrum (IceCv)
  A spriggan (shapeshifter) (D:14)
  A yak (shapeshifter) (D:14)
  54 yaks
  A culicivora (shapeshifter) (Vaults:5)
  2 air elementals
  14 wyverns
  19 water elementals
  4 fire bats (Gauntlet)
  3 steam dragons
  10 fire elementals
  8 redbacks
  A redback (shapeshifter) (Depths:4)
  9 basilisks
  A chaos spawn (Depths:2)
  8 death yak simulacra
  An alligator snapping turtle simulacrum (Shoals:4)
  20 vampire mosquitoes
  An elf skeleton (Vaults:2)
  A sea snake simulacrum (Shoals:4)
  Menkaure (D:6)
  2 wargs (Orc:1)
  44 water moccasins
  3 harpy simulacra (Shoals:4)
  39 nagas
  An acid dragon (D:13)
  3 hell hounds
  A moth of wrath simulacrum (Zot:2)
  2 floating eyes (Depths:1)
  22 orc warriors
  4 ice beasts
  2 black bears
  A satyr simulacrum (Shoals:4)
  13 wolves
  11 ogres
  5 boggarts
  A tengu (shapeshifter) (Vaults:5)
  15 centaurs
  6 small abominations (Gauntlet)
  2 phantoms
  7 kobold brigands
  17 bullfrogs
  4 gnoll sergeants
  7 scorpions
  3 merfolk simulacra (Shoals:4)
  4 earth elementals
  A faun simulacrum (Shoals:4)
  4 wights
  An elephant simulacrum (IceCv)
  27 killer bees
  2 snapping turtle simulacra (Shoals:4)
  4 howler monkeys
  2 electric eels (Elf:3)
  3 jellies
  9 hounds (D:5)
  13 orc priests
  3 cyclops simulacra (Shoals:4)
  7 iguanas
  20 orc wizards
  A wolf simulacrum (IceCv)
  2 polar bear simulacra (IceCv)
  A hound skeleton (D:3)
  20 gnolls
  9 adders
  2 shadow imps
  A white imp (D:6)
  An ufetubus (D:6)
  An adder zombie (D:3)
  A worm (D:4)
  79 orcs
  4 ball pythons
  7 endoplasms
  3 giant cockroaches
  8 goblins
  8 hobgoblins
  3 jackals (D:5)
  39 kobolds
  6 quokkas
  8 bats
  5 frilled lizards
  A quokka zombie (D:3)
  A rat (D:2)
  A ball lightning (Snake:2)
  A bush (Shoals:3)
  3 tentacles
2057 creatures vanquished.

Vanquished Creatures (collateral kills)
  The ghost of Amamary the Conqueror, an adept HOFi of Okawaru (Elf:3)
  Bai Suzhen (Vaults:5)
  A deep elf elementalist (Elf:3)
  A deep elf high priest (Elf:3)
  A hydra (Lair:5)
  4 two-headed ogres
  A tengu warrior (D:11)
  A dancing weapon (Elf:1)
  2 salamanders (Snake:3)
  A merfolk siren (Lair:3)
  A black mamba (Snake:1)
  A naga (Lair:2)
  2 orc warriors
18 creatures vanquished.

Vanquished Creatures (others)
  A draconian knight (Zot:4)
  A rakshasa (Depths:1)
  2 deep elf pyromancers
  An orc sorcerer (D:15)
  A dream sheep (Shoals:1)
  3 dancing weapons
  2 orc warriors
  A quokka (D:15)
  52 ball lightnings
  A bush (Lair:6)
  4 demonic plants (Gauntlet)
  91 fungi
  221 plants
  12 tentacles
  5 toadstools (D:1)
398 creatures vanquished.

Grand Total: 2473 creatures vanquished

Notes
Turn   | Place    | Note
-------+----------+-------------------------------------------
     0 | D:1      | inmateoo the Gnoll Wanderer began the quest for the Orb.
     0 | D:1      | inmateoo set off with the following items: a +3 short
                  | sword, 35 stones, a +0 robe; and the following spell
                  | memorised: Sandblast; and the following spells available to
                  | memorise: Stone Arrow
     0 | D:1      | Reached XP level 1. HP: 23/23 MP: 4/4
   127 | D:1      | Reached XP level 2. HP: 23/29 MP: 5/5
   776 | D:1      | Reached XP level 3. HP: 35/35 MP: 7/7
   788 | D:1      | Learned a level 3 spell: Stone Arrow
  1100 | D:2      | Found Tareibye's Armour Shop.
  1303 | D:2      | Reached skill level 1 in Invocations
  1449 | D:3      | Reached skill level 1 in Long Blades
  1449 | D:3      | Reached skill level 1 in Axes
  1449 | D:3      | Reached skill level 1 in Maces & Flails
  1449 | D:3      | Reached skill level 1 in Polearms
  1449 | D:3      | Reached skill level 1 in Staves
  1449 | D:3      | Reached skill level 1 in Slings
  1449 | D:3      | Reached skill level 1 in Bows
  1449 | D:3      | Reached skill level 1 in Crossbows
  1449 | D:3      | Reached skill level 1 in Throwing
  1449 | D:3      | Reached skill level 1 in Armour
  1449 | D:3      | Reached skill level 1 in Dodging
  1449 | D:3      | Reached skill level 1 in Stealth
  1449 | D:3      | Reached skill level 1 in Shields
  1449 | D:3      | Reached skill level 1 in Unarmed Combat
  1449 | D:3      | Reached skill level 1 in Evocations
  1500 | D:3      | Reached XP level 4. HP: 41/41 MP: 8/8
  1957 | D:4      | Noticed an ogre
  1963 | D:4      | Killed an ogre
  1964 | D:4      | Reached skill level 1 in Conjurations
  1964 | D:4      | Reached skill level 1 in Hexes
  1964 | D:4      | Reached skill level 1 in Summonings
  1964 | D:4      | Reached skill level 1 in Necromancy
  1964 | D:4      | Reached skill level 1 in Translocations
  1964 | D:4      | Reached skill level 1 in Transmutations
  1964 | D:4      | Reached skill level 1 in Fire Magic
  1964 | D:4      | Reached skill level 1 in Ice Magic
  1964 | D:4      | Reached skill level 1 in Air Magic
  1964 | D:4      | Reached skill level 1 in Poison Magic
  1964 | D:4      | Reached XP level 5. HP: 47/47 MP: 1/9
  2168 | D:4      | Reached XP level 6. HP: 41/53 MP: 5/10
  2355 | D:4      | Reached skill level 2 in Staves
  2754 | D:4      | Found a shimmering blue altar of Sif Muna.
  2778 | D:5      | Entered Level 5 of the Dungeon
  2821 | D:5      | Noticed a water moccasin
  2822 | D:5      | Reached XP level 7. HP: 29/59 MP: 0/12
  3210 | D:5      | Found an iron altar of Okawaru.
  3567 | D:5      | Reached skill level 3 in Staves
  3567 | D:5      | Reached XP level 8. HP: 67/67 MP: 1/14
  4674 | D:5      | Reached XP level 9. HP: 48/72 MP: 10/16
  5142 | D:5      | Identified the +1 leather armour of Misanthropy {Str-2
                  | Int+4 SInv}
  5305 | D:5      | Reached skill level 4 in Staves
  5382 | D:6      | Reached skill level 5 in Spellcasting
  5869 | D:6      | Found a staircase to the Ecumenical Temple.
  5901 | Temple   | Entered the Ecumenical Temple
  6017 | Temple   | Became a worshipper of Cheibriados the Contemplative
  6355 | D:6      | Found Hifim's General Store.
  6381 | D:6      | Bought a scroll of teleportation for 45 gold pieces
  6381 | D:6      | Bought a scroll of teleportation for 45 gold pieces
  6381 | D:6      | Bought a scroll of identify for 30 gold pieces
  6608 | D:6      | Noticed Menkaure
  6616 | D:6      | Killed Menkaure
  7069 | D:7      | Reached skill level 5 in Invocations
  7303 | D:7      | Reached * piety under Cheibriados
  7523 | D:7      | Reached XP level 10. HP: 78/80 MP: 5/18
  7789 | D:7      | Reached ** piety under Cheibriados
  7990 | D:7      | Found Asuenaj's Armour Shoppe.
  7998 | D:7      | Bought a +0 helmet for 54 gold pieces
  8439 | D:8      | Reached skill level 5 in Long Blades
  8439 | D:8      | Reached skill level 5 in Axes
  8439 | D:8      | Reached skill level 5 in Maces & Flails
  8439 | D:8      | Reached skill level 5 in Polearms
  8439 | D:8      | Reached skill level 5 in Staves
  8439 | D:8      | Reached skill level 5 in Slings
  8439 | D:8      | Reached skill level 5 in Bows
  8439 | D:8      | Reached skill level 5 in Crossbows
  8439 | D:8      | Reached skill level 5 in Throwing
  8439 | D:8      | Reached skill level 5 in Armour
  8439 | D:8      | Reached skill level 5 in Dodging
  8439 | D:8      | Reached skill level 5 in Stealth
  8439 | D:8      | Reached skill level 5 in Shields
  8439 | D:8      | Reached skill level 5 in Unarmed Combat
  8439 | D:8      | Reached skill level 5 in Evocations
  8643 | D:8      | Noticed Pikel
  8652 | D:8      | Killed Pikel
  9180 | D:8      | Reached *** piety under Cheibriados
  9205 | D:8      | Found a sacrificial altar of Ru.
  9238 | D:8      | Found a bloodstained altar of Trog.
  9837 | D:9      | Reached XP level 11. HP: 57/87 MP: 4/20
  9978 | D:9      | Noticed a moth of wrath
  9983 | D:9      | Noticed a wolf spider
 10026 | D:9      | Found a transporter.
 10036 | D:9      | Found a transporter.
 10036 | D:9      | Noticed robertstho's ghost (journeyman DjFE)
 10120 | D:9      | Identified the +2 leather armour of Dawn {rF+ rC- Int+2}
 10198 | D:9      | Learned a level 3 spell: Tukima's Dance
 10295 | D:9      | Noticed a two-headed ogre
 10306 | D:9      | Killed a two-headed ogre
 10307 | D:9      | Reached skill level 6 in Staves
 10307 | D:9      | Reached skill level 5 in Conjurations
 10307 | D:9      | Reached skill level 5 in Hexes
 10307 | D:9      | Reached skill level 5 in Summonings
 10307 | D:9      | Reached skill level 5 in Necromancy
 10307 | D:9      | Reached skill level 5 in Translocations
 10307 | D:9      | Reached skill level 5 in Transmutations
 10307 | D:9      | Reached skill level 5 in Fire Magic
 10307 | D:9      | Reached skill level 5 in Ice Magic
 10307 | D:9      | Reached skill level 5 in Air Magic
 10307 | D:9      | Reached skill level 5 in Poison Magic
 10558 | D:9      | Reached **** piety under Cheibriados
 10921 | D:10     | Entered Level 10 of the Dungeon
 11262 | D:10     | Found Ociagum's Distillery.
 11294 | D:10     | Noticed a two-headed ogre
 11295 | D:10     | Noticed Snorg
 11693 | D:10     | Killed a two-headed ogre
 12173 | D:10     | Bought 2 potions of heal wounds for 130 gold pieces
 12173 | D:10     | Bought 2 potions of curing for 78 gold pieces
 12173 | D:10     | Bought a potion of berserk rage for 65 gold pieces
 12173 | D:10     | Bought 2 potions of might for 104 gold pieces
 12600 | D:11     | Found a staircase to the Orcish Mines.
 13174 | D:11     | Noticed a manticore
 13185 | D:11     | Killed a manticore
 13610 | D:11     | Found a staircase to the Lair.
 13720 | D:11     | Reached ***** piety under Cheibriados
 14238 | D:11     | Noticed a tengu warrior
 14253 | D:11     | Killed a tengu warrior
 14254 | D:11     | Reached XP level 12. HP: 72/96 MP: 10/23
 14544 | D:12     | Noticed a two-headed ogre
 14553 | D:12     | Killed a two-headed ogre
 14554 | D:12     | Reached skill level 7 in Staves
 14561 | D:12     | Noticed a five-headed hydra
 14619 | D:12     | Killed a five-headed hydra
 14782 | D:12     | Identified the +10 battleaxe of Geirheta {flame, Str+3}
 14914 | D:12     | Noticed a two-headed ogre
 14923 | D:12     | Killed a two-headed ogre
 15186 | D:12     | Noticed a two-headed ogre
 15192 | D:12     | Killed a two-headed ogre
 15643 | D:12     | Noticed Jorgrun
 15716 | Lair:1   | Entered Level 1 of the Lair of Beasts
 15831 | Lair:1   | Reached skill level 10 in Fighting
 15831 | Lair:1   | Reached skill level 10 in Short Blades
 15975 | Lair:1   | Identified a scroll of acquirement
 15976 | Lair:1   | Acquired the +1 helmet of Vampiric Thralls {rElec Slay+2}
 16461 | Lair:1   | Noticed a five-headed hydra
 16469 | Lair:1   | Killed a five-headed hydra
 17120 | Lair:2   | Found a staircase to the Snake Pit.
 17218 | Lair:2   | Noticed a four-headed hydra
 17228 | Lair:2   | Killed a four-headed hydra
 17229 | Lair:2   | Reached XP level 13. HP: 95/103 MP: 7/25
 17323 | Lair:2   | Reached ****** piety under Cheibriados
 17458 | Lair:2   | Reached skill level 8 in Staves
 18483 | Lair:3   | Found a staircase to the Shoals.
 18571 | Lair:3   | Identified the +1 plate armour of Hedonism {Str+3 Dex-5
                  | SInv}
 18586 | Lair:3   | Learned a level 5 spell: Blade Hands
 19832 | Lair:4   | Noticed Nessos
 19836 | Lair:4   | Killed Nessos
 20571 | Lair:4   | Reached XP level 14. HP: 113/113 MP: 19/27
 21189 | Lair:5   | Found a dark tunnel.
 21195 | Volcano  | Entered a volcano
 21312 | Volcano  | Learned a level 4 spell: Olgreb's Toxic Radiance
 21374 | Volcano  | Reached skill level 9 in Staves
 22748 | Lair:5   | Reached skill level 10 in Invocations
 23181 | Lair:5   | Learned a level 5 spell: Fireball
 23538 | Lair:5   | Identified a ring "Zoodghit" {rElec Will+ Dex+3 Stlth+}
 23555 | Lair:5   | Identified the +2 pair of gloves of the Great Game {rPois
                  | Will++ Int+3 Dex-5}
 24970 | Lair:6   | Entered Level 6 of the Lair of Beasts
 24977 | Lair:6   | Reached skill level 10 in Spellcasting
 24999 | Lair:5   | Gained mutation: You have hidden genetic defects.
                  | [mutagenic glow]
 25260 | Lair:6   | Found a gate leading to a gauntlet.
 25270 | Gauntlet | Entered a Gauntlet
 25270 | Gauntlet | Found a transporter.
 25270 | Gauntlet | Found a transporter.
 25270 | Gauntlet | Found a transporter.
 25320 | Gauntlet | Found a transporter.
 25321 | Gauntlet | Found a transporter.
 25324 | Gauntlet | Found a transporter.
 25331 | Gauntlet | Found a transporter.
 25332 | Gauntlet | Found a transporter.
 25333 | Gauntlet | Found a transporter.
 25335 | Gauntlet | Found a transporter.
 25343 | Gauntlet | Found a transporter.
 25344 | Gauntlet | Found a transporter.
 25791 | Gauntlet | Identified the ring of Athieta {Fly rC++}
 25981 | Gauntlet | Identified the +1 scale mail of the Arena {Will+ rCorr}
 25983 | Gauntlet | Acquired the Volume of the Birds and Contamination
 25994 | Lair:6   | Reached XP level 15. HP: 67/120 MP: 19/29
 26483 | Lair:6   | Gained mutation: You sometimes lose the ability to read
                  | scrolls when taking damage. [hidden defects]
 26516 | Lair:6   | Learned a level 3 spell: Ignite Poison
 26690 | Lair:6   | Reached skill level 10 in Earth Magic
 26795 | Lair:6   | Lost mutation: You have hidden genetic defects. [potion of
                  | mutation]
 26795 | Lair:6   | Lost mutation: You sometimes lose the ability to read
                  | scrolls when taking damage. [potion of mutation]
 26795 | Lair:6   | Gained mutation: You are partially covered in iridescent
                  | scales. (AC +2) [potion of mutation]
 26795 | Lair:6   | Gained mutation: You tend to lose your temper in combat.
                  | [potion of mutation]
 26977 | Lair:6   | Found a runed translucent door.
 26998 | Lair:6   | Reached skill level 10 in Long Blades
 26998 | Lair:6   | Reached skill level 10 in Axes
 26998 | Lair:6   | Reached skill level 10 in Maces & Flails
 26998 | Lair:6   | Reached skill level 10 in Polearms
 26998 | Lair:6   | Reached skill level 10 in Staves
 26998 | Lair:6   | Reached skill level 10 in Slings
 26998 | Lair:6   | Reached skill level 10 in Bows
 26998 | Lair:6   | Reached skill level 10 in Crossbows
 26998 | Lair:6   | Reached skill level 10 in Throwing
 26998 | Lair:6   | Reached skill level 10 in Armour
 26998 | Lair:6   | Reached skill level 10 in Dodging
 26998 | Lair:6   | Reached skill level 10 in Stealth
 26998 | Lair:6   | Reached skill level 10 in Shields
 26998 | Lair:6   | Reached skill level 10 in Unarmed Combat
 26998 | Lair:6   | Reached skill level 10 in Evocations
 28087 | Lair:6   | Found a viscous altar of Jiyva.
 28088 | Lair:6   | Found a staircase to the Slime Pits.
 28299 | D:9      | Killed Snorg
 28472 | D:9      | Killed robertstho's ghost
 28631 | D:12     | Killed Jorgrun
 29317 | D:13     | Noticed Lodul
 29381 | D:13     | Identified the +8 rapier "Grim Tooth" {spect, Drain Str+2
                  | Stlth+}
 29557 | Lair:5   | Identified the +9 spear of Dafoomob {venom, rPois Will+
                  | MP-9 Str+4}
 29728 | D:13     | Killed Lodul
 29841 | D:13     | Found a broken altar of Ashenzari.
 29865 | D:13     | Reached XP level 16. HP: 27/128 MP: 26/30
 30553 | D:13     | Found Fitij's Assorted Antiques.
 30572 | D:13     | Bought a scroll of identify for 50 gold pieces
 30572 | D:13     | Bought a scroll of identify for 50 gold pieces
 30572 | D:13     | Bought a potion of might for 100 gold pieces
 30572 | D:13     | Bought a scroll of teleportation for 75 gold pieces
 30572 | D:13     | Bought a potion of curing for 75 gold pieces
 31778 | D:14     | Found a gate to the Vaults.
 31963 | D:15     | Entered Level 15 of the Dungeon
 32213 | D:15     | Found a white marble altar of Elyvilon.
 32557 | D:15     | Reached skill level 11 in Staves
 33346 | D:15     | Found a staircase to the Depths.
 33987 | Orc:1    | Entered Level 1 of the Orcish Mines
 34061 | Orc:1    | Found a frozen archway.
 34070 | IceCv    | Entered an ice cave
 34329 | IceCv    | Acquired 1078 gold pieces
 34849 | Orc:2    | Entered Level 2 of the Orcish Mines
 34983 | Orc:2    | Noticed Maurice
 35202 | Orc:2    | Killed Maurice
 35498 | Orc:2    | Found a staircase to the Elven Halls.
 35682 | Orc:2    | Reached XP level 17. HP: 13/136 MP: 15/32
 36266 | Orc:2    | Found Rushibol's Distillery.
 36266 | Orc:2    | Found Mileat's Armour Shop.
 36276 | Orc:2    | Found Healooh's Magic Scroll Shoppe.
 36276 | Orc:2    | Found Piocraq's Antique Armour Shop.
 36297 | Orc:2    | Bought a potion of heal wounds for 65 gold pieces
 36297 | Orc:2    | Bought a potion of curing for 39 gold pieces
 36297 | Orc:2    | Bought a potion of curing for 39 gold pieces
 36297 | Orc:2    | Bought a potion of resistance for 130 gold pieces
 36297 | Orc:2    | Bought a potion of magic for 104 gold pieces
 36297 | Orc:2    | Bought a potion of might for 52 gold pieces
 36299 | Orc:2    | Bought a scroll of teleportation for 48 gold pieces
 36300 | Orc:2    | Bought a faintly glowing leather armour for 189 gold pieces
 36300 | Orc:2    | Identified the +2 leather armour "Fouffeunn" {rElec rF+}
                  | (You bought it in a shop on level 2 of the Orcish Mines)
 36545 | Elf:1    | Entered Level 1 of the Elven Halls
 37211 | Elf:1    | Learned a level 4 spell: Summon Lightning Spire
 37225 | Elf:1    | Got the Catalogue of Battle Magic
 37291 | Elf:1    | Paralysed by an air elemental for 1 turns
 37397 | Elf:1    | Found Ycuoporo's Weapon Emporium.
 38956 | Elf:1    | Upgraded the game from 0.29-a0-234-g0dae59b3db to
                  | 0.29-a0-243-g602b31c20e
 39348 | Elf:2    | Paralysed by an air elemental for 1 turns
 39353 | Elf:2    | Paralysed by an air elemental for 1 turns
 39433 | Elf:2    | Reached skill level 10 in Conjurations
 39433 | Elf:2    | Reached skill level 10 in Hexes
 39433 | Elf:2    | Reached skill level 10 in Summonings
 39433 | Elf:2    | Reached skill level 10 in Necromancy
 39433 | Elf:2    | Reached skill level 10 in Translocations
 39433 | Elf:2    | Reached skill level 10 in Transmutations
 39433 | Elf:2    | Reached skill level 10 in Fire Magic
 39433 | Elf:2    | Reached skill level 10 in Ice Magic
 39433 | Elf:2    | Reached skill level 10 in Air Magic
 39433 | Elf:2    | Reached skill level 10 in Poison Magic
 39569 | Elf:2    | Learned a level 6 spell: Conjure Ball Lightning
 39849 | Elf:2    | Found a portal to a secret trove of treasure.
 40166 | Elf:2    | Noticed an Executioner
 40359 | Elf:2    | Found a huge runed translucent gate.
 40359 | Elf:2    | Found a huge runed translucent gate.
 40359 | Elf:2    | Found a huge runed translucent gate.
 40359 | Elf:2    | Found a huge runed translucent gate.
 40360 | Elf:2    | Found a huge runed translucent gate.
 40524 | Elf:3    | Entered Level 3 of the Elven Halls
 40784 | Snake:1  | Entered Level 1 of the Snake Pit
 40834 | Snake:1  | Reached skill level 12 in Staves
 42207 | Snake:2  | Reached XP level 18. HP: 124/144 MP: 27/34
 44727 | Snake:3  | Found Ihiecen's Self-Improvement Boutique.
 44734 | Snake:3  | Bought a manual of Air Magic for 1120 gold pieces
 44903 | Snake:3  | Found Gima's Jewellery Emporium.
 44911 | Snake:3  | Found Afawiaf's Book Shop.
 44912 | Snake:3  | Found Vorhuwn's Jewellery Emporium.
 44920 | Snake:3  | Bought Great Wizards, Vol. II for 532 gold pieces
 44920 | Snake:3  | Bought a book of the Sky for 616 gold pieces
 44926 | Snake:3  | Learned a level 5 spell: Borgnjor's Vile Clutch
 44936 | Snake:3  | Learned a level 7 spell: Storm Form
 44946 | Snake:3  | Learned a level 7 spell: Ozocubu's Refrigeration
 44948 | Snake:3  | Bought an amulet of regeneration for 420 gold pieces
 45001 | Snake:3  | Identified the +6 hand crossbow "Epny" {penet, rPois}
 45779 | Snake:4  | Entered Level 4 of the Snake Pit
 45795 | Snake:4  | Gained mutation: You have a pair of small horns on your
                  | head. [mutagenic glow]
 45902 | Snake:4  | Found an opulent altar of Gozag.
 45976 | Snake:4  | Found Aczar's Gadget Gallery.
 46000 | Snake:4  | Bought a condenser vane for 520 gold pieces
 46747 | Snake:4  | Gained mutation: You are dopey. (Int -2) [mutagenic glow]
 46758 | Snake:4  | Gained mutation: Armour fits poorly on your strangely
                  | shaped body. [mutagenic glow]
 46783 | Snake:4  | Gained mutation: You are weak. (Str -2) [mutagenic glow]
 46847 | Snake:4  | Lost mutation: You tend to lose your temper in combat.
                  | [potion of mutation]
 46847 | Snake:4  | Lost mutation: Armour fits poorly on your strangely shaped
                  | body. [potion of mutation]
 46847 | Snake:4  | Lost mutation: You are dopey. (Int -2) [potion of mutation]
 46847 | Snake:4  | Gained mutation: You have supernaturally acute eyesight.
                  | (SInv) [potion of mutation]
 46847 | Snake:4  | Gained mutation: You tend to lose your temper in combat.
                  | [potion of mutation]
 46847 | Snake:4  | Gained mutation: Your flesh is heat resistant. (rF+)
                  | [potion of mutation]
 46891 | Snake:4  | Reached XP level 19. HP: 146/152 MP: 36/36
 46913 | Snake:4  | Got a serpentine rune of Zot
 47608 | Snake:4  | Reached skill level 13 in Staves
 47902 | Vaults:1 | Entered Level 1 of the Vaults
 48186 | Vaults:1 | Gained mutation: You often lose your temper in combat.
                  | [mutagenic glow]
 48758 | Vaults:1 | Found Saguihayg's Armour Emporium.
 49162 | Vaults:1 | Found a runed translucent gate.
 49162 | Vaults:1 | Found a runed translucent gate.
 49162 | Vaults:1 | Found a runed translucent gate.
 49162 | Vaults:1 | Found an ancient bone altar of Kikubaaqudgha.
 49162 | Vaults:1 | Noticed Hanyag's ghost (adept PaMo)
 49162 | Vaults:1 | Noticed an ancient lich
 49162 | Vaults:1 | Noticed p0werm0de's ghost (adept MiFi)
 49178 | Vaults:1 | Killed an ancient lich
 49179 | Vaults:1 | Reached XP level 20. HP: 22/161 MP: 7/37
 49179 | Vaults:1 | HP: 6/161 [Hanyag's ghost (6)]
 49495 | Vaults:1 | Killed p0werm0de's ghost
 49613 | Vaults:1 | Identified the ring "Ziunk" {*Slow rElec rF+ Dex+4}
 49634 | Vaults:1 | Identified the +0 helmet of the Arena {Dex+4}
 50175 | Vaults:2 | Reached skill level 15 in Fighting
 50175 | Vaults:2 | Reached skill level 15 in Short Blades
 50181 | Vaults:2 | Got the Incunabulum of Entrancing Necromancy
 50852 | Vaults:2 | Gained mutation: You are dopey. (Int -2) [mutagenic glow]
 50869 | Vaults:2 | Gained mutation: Your body sometimes deteriorates upon
                  | taking damage. [mutagenic glow]
 50935 | Vaults:2 | Lost mutation: You have a pair of small horns on your head.
                  | [potion of mutation]
 50935 | Vaults:2 | Lost mutation: You are dopey. (Int -2) [potion of mutation]
 50935 | Vaults:2 | Gained mutation: You have sharp toenails. [potion of
                  | mutation]
 50936 | Vaults:2 | Lost mutation: You are partially covered in iridescent
                  | scales. (AC +2) [potion of mutation]
 50936 | Vaults:2 | Lost mutation: Your body sometimes deteriorates upon taking
                  | damage. [potion of mutation]
 50937 | Vaults:2 | Lost mutation: You are weak. (Str -2) [potion of mutation]
 50937 | Vaults:2 | Lost mutation: Your flesh is heat resistant. (rF+) [potion
                  | of mutation]
 50937 | Vaults:2 | Lost mutation: You have sharp toenails. [potion of
                  | mutation]
 50937 | Vaults:2 | Gained mutation: You are dopey. (Int -2) [potion of
                  | mutation]
 50937 | Vaults:2 | Gained mutation: You are clumsy. (Dex -2) [potion of
                  | mutation]
 50937 | Vaults:2 | Gained mutation: You are covered in fur. (AC +1) [potion of
                  | mutation]
 50964 | Vaults:3 | Reached skill level 14 in Staves
 51059 | Vaults:3 | Reached skill level 15 in Invocations
 51071 | Vaults:3 | Found a staircase to the Crypt.
 51819 | Vaults:3 | Noticed Margery
 52156 | Vaults:3 | Killed Margery
 52157 | Vaults:3 | Reached XP level 21. HP: 111/169 MP: 34/39
 52759 | Vaults:4 | Reached skill level 15 in Staves
 53560 | Vaults:4 | Found Anwyef's Distillery.
 53569 | Vaults:4 | Bought a potion of curing for 60 gold pieces
 53569 | Vaults:4 | Bought a potion of curing for 60 gold pieces
 53569 | Vaults:4 | Bought a potion of curing for 60 gold pieces
 53569 | Vaults:4 | Bought a potion of resistance for 200 gold pieces
 54152 | Vaults:1 | Killed Hanyag's ghost
 54448 | Shoals:1 | Entered Level 1 of the Shoals
 54448 | Shoals:1 | Noticed Frances
 54514 | Shoals:1 | Killed Frances
 55898 | Shoals:2 | Found a runed translucent gate.
 55952 | Shoals:2 | Found a runed translucent gate.
 55954 | Shoals:2 | Found a runed translucent gate.
 55955 | Shoals:2 | Noticed Avuolin's ghost (adept HaHu)
 55956 | Shoals:2 | Noticed Haeres's ghost (adept DsCj)
 56120 | Shoals:2 | Noticed Goze's ghost (adept MfGl)
 56120 | Shoals:2 | Noticed Wosog's ghost (adept DrCj)
 56120 | Shoals:2 | Noticed Wourromi's ghost (adept TeCj)
 56207 | Shoals:2 | Killed Goze's ghost
 56207 | Shoals:2 | Killed Wosog's ghost
 56211 | Shoals:2 | Killed Avuolin's ghost
 56212 | Shoals:2 | Killed Wourromi's ghost
 56217 | Shoals:2 | Killed Haeres's ghost
 56230 | Shoals:2 | Identified the +4 hand axe of Wyrd {elec, *Rage Int+2 SInv}
 56232 | Shoals:2 | Identified the +0 robe of Knowledge {Int+3}
 56419 | Shoals:3 | Reached skill level 15 in Spellcasting
 56554 | Shoals:3 | Reached XP level 22. HP: 135/178 MP: 41/41
 56564 | Shoals:3 | Reached skill level 16 in Staves
 56584 | Shoals:3 | Got the Tome of Transmutation
 56695 | Shoals:3 | Noticed Louise
 56714 | Shoals:3 | Killed Louise
 56907 | Shoals:3 | Identified the +1 animal skin "Fuymil" {rF+}
 57272 | Shoals:4 | Entered Level 4 of the Shoals
 57277 | Shoals:4 | Found a runed translucent gate.
 57278 | Shoals:4 | Found a runed translucent gate.
 57280 | Shoals:4 | Found a runed translucent gate.
 57404 | Shoals:4 | Got a barnacled rune of Zot
 57927 | Shoals:4 | Found the +2 hat of the Bear Spirit {Spirit, *Rage Will++}
 57929 | Shoals:4 | Reached skill level 15 in Long Blades
 57929 | Shoals:4 | Reached skill level 15 in Axes
 57929 | Shoals:4 | Reached skill level 15 in Maces & Flails
 57929 | Shoals:4 | Reached skill level 15 in Polearms
 57929 | Shoals:4 | Reached skill level 15 in Slings
 57929 | Shoals:4 | Reached skill level 15 in Bows
 57929 | Shoals:4 | Reached skill level 15 in Crossbows
 57929 | Shoals:4 | Reached skill level 15 in Throwing
 57929 | Shoals:4 | Reached skill level 15 in Armour
 57929 | Shoals:4 | Reached skill level 15 in Dodging
 57929 | Shoals:4 | Reached skill level 15 in Stealth
 57929 | Shoals:4 | Reached skill level 15 in Shields
 57929 | Shoals:4 | Reached skill level 15 in Unarmed Combat
 57929 | Shoals:4 | Reached skill level 15 in Evocations
 58367 | Shoals:4 | Learned a level 8 spell: Ignition
 59032 | Elf:3    | Found a runed translucent gate.
 59033 | Elf:3    | Found a runed translucent gate.
 59033 | Elf:3    | Found a runed translucent gate.
 59033 | Elf:3    | Noticed Angani's ghost (adept DrHu)
 59033 | Elf:3    | Noticed Ihia's ghost (adept DrHu)
 59034 | Elf:3    | Noticed Jysseapa's ghost (adept HuHu)
 59035 | Elf:3    | Noticed Amamary's ghost (adept HOFi)
 59835 | Elf:3    | Reached skill level 15 in Air Magic
 60008 | Elf:3    | Identified the ring of Paoserid {rC+ rCorr Str+4 Dex-2
                  | SInv}
 60169 | Elf:3    | Identified the +4 hand axe of Memimapn {pain, Fragile Int+3
                  | Dex+4}
 60177 | Elf:3    | Identified the +7 arbalest of the Iron City of Dis {elec,
                  | Dex+3}
 60185 | Elf:3    | Identified the +6 war axe of the Extremes {vamp, Fly rC+++
                  | Will- Int+2}
 60187 | Elf:3    | Identified the +8 great sword "Vublech" {vorpal, Int+2
                  | Dex+6}
 60193 | Elf:3    | Identified the +7 quarterstaff of Puyneh {vorpal, MP+9
                  | Int+2 Stlth+}
 60253 | Elf:3    | Identified the +3 shortbow "Ustri" {speed, Fly rF- rC++
                  | Will+}
 60392 | Elf:3    | Killed Angani's ghost
 60394 | Elf:3    | Killed Jysseapa's ghost
 60395 | Elf:3    | Killed Ihia's ghost
 60396 | Elf:3    | Killed Amamary's ghost
 60401 | Elf:3    | Identified the +6 double sword of Impeachment {holy, Str+6
                  | Int+4 Dex-5}
 61180 | Vaults:5 | Entered Level 5 of the Vaults
 61185 | Vaults:5 | Reached skill level 17 in Staves
 61186 | Vaults:5 | Reached XP level 23. HP: 123/186 MP: 17/42
 61648 | Vaults:5 | Noticed an ancient lich
 62387 | Vaults:5 | Identified the ring of Ixifum {rC+ Will+++ Str+3}
 62420 | Vaults:5 | Killed an ancient lich
 62692 | Vaults:5 | Identified the +5 trident "Paeteimm" {vamp, rElec Will+++
                  | Str-4 Dex-4}
 62759 | Vaults:5 | Identified the +6 morningstar "Ontousouha" {freeze, +Blink
                  | rPois rCorr}
 62759 | Vaults:5 | Identified a ring of Equivalence {Contam rElec Will+ Str+2}
 62773 | Vaults:5 | Noticed Bai Suzhen
 62781 | Vaults:5 | Killed Bai Suzhen
 62988 | Vaults:5 | Noticed an ancient lich
 62994 | Vaults:5 | Killed an ancient lich
 63021 | Vaults:5 | Got the Almanac of the Creative Mountains
 63057 | Vaults:5 | Reached skill level 18 in Staves
 63494 | Vaults:5 | Identified the ring of Ysuonam {rElec rN+ MP+9 Str+6 Int+4}
 63805 | Vaults:5 | Got a silver rune of Zot
 64131 | Depths:1 | Entered Level 1 of the Depths
 64135 | Depths:1 | Learned a level 2 spell: Wereblood
 64135 | Depths:1 | Acquired the ring of the Burning Sultana {rPois Int+6
                  | Stlth+}
 64319 | Depths:1 | Found a one-way gateway to a ziggurat.
 64423 | Depths:1 | Found a one-way gate leading to the halls of Pandemonium.
 64489 | Depths:1 | Reached XP level 24. HP: 122/195 MP: 43/43
 64752 | Depths:1 | Found a gateway to Hell.
 64850 | Depths:1 | Identified the +0 cloak "Ifral" {*Slow Str+2 Int+3}
 65113 | Depths:1 | Paralysed by a floating eye for 2 turns
 65165 | Depths:1 | Found a broken altar of Ashenzari.
 66021 | Depths:3 | Found a one-way gate to the infinite horrors of the Abyss.
 66553 | Depths:3 | Found a glowing golden altar of the Shining One.
 66553 | Depths:3 | Found a white marble altar of Elyvilon.
 66554 | Depths:3 | Found a glowing silver altar of Zin.
 66666 | Depths:3 | Reached skill level 15 in Earth Magic
 66984 | Depths:4 | Entered Level 4 of the Depths
 66998 | Depths:4 | Reached skill level 19 in Staves
 67040 | Depths:4 | Noticed Sojobo
 67047 | Depths:4 | Killed Sojobo
 67419 | Depths:4 | Found Veoleme's Book Emporium.
 67598 | Depths:4 | Found a gate to the Realm of Zot.
 68117 | Zot:1    | Entered Level 1 of the Realm of Zot
 68245 | Zot:1    | Reached XP level 25. HP: 203/203 MP: 41/43
 68353 | Zot:1    | Reached skill level 15 in Ice Magic
 69092 | Zot:2    | Identified the ring "Segefiocw" {Ice rPois rN++ Int-5 SInv}
 69092 | Zot:2    | Noticed Josephina
 69101 | Zot:2    | Killed Josephina
 70352 | Zot:3    | Reached skill level 20 in Staves
 72286 | Zot:4    | Reached XP level 26. HP: 132/213 MP: 0/44
 72796 | Zot:5    | Entered Level 5 of the Realm of Zot
 73061 | Zot:5    | Noticed an ancient lich
 73061 | Zot:5    | Noticed a dread lich
 73070 | Zot:5    | Killed an ancient lich
 73071 | Zot:5    | Reached skill level 15 in Conjurations
 73071 | Zot:5    | Reached skill level 15 in Hexes
 73071 | Zot:5    | Reached skill level 15 in Summonings
 73071 | Zot:5    | Reached skill level 15 in Necromancy
 73071 | Zot:5    | Reached skill level 15 in Translocations
 73071 | Zot:5    | Reached skill level 15 in Transmutations
 73071 | Zot:5    | Reached skill level 15 in Fire Magic
 73071 | Zot:5    | Reached skill level 15 in Poison Magic
 73072 | Zot:5    | Paralysed by a dread lich for 7 turns
 73074 | Zot:5    | Noticed an orb of fire
 73077 | Zot:5    | Slain by a Hell Sentinel

Illustrated notes

Levels and vault maps discovered:
D:1:      ldierk_walled_garden, layout_loops_corners
D:2:      layout_rooms, serial_shops, shop, serial_glass, glass_columns_c,
          glass_columns_a
D:3:      layout_basic, serial_undead, serial_undead_a, serial_undead_e,
          serial_undead_a, serial_undead_f, solitary_fountain, minivault_4
D:4:      layout_rooms, lemuel_blue_sif_altar
D:5:      minmay_razor_zed, layout_loops_ring, nicolae_overflow_hidden_temple
D:6:      minmay_chambers_of_fours, layout_basic,
          minmay_temple_entry_glassed_door, serial_shops,
          nicolae_shop_hallway_plus, uniq_menkaure
D:7:      layout_gridville, serial_shops, shop
D:8:      nicolae_cairo_tiling_large, layout_cave_pools,
          mainiacjoe_overflow_two_lobes, feat_on_display, uniq_pikel
D:9:      layout_small_grid, gammafunk_ghost_berserking_beasts
D:10:     layout_rooms, serial_shops, nicolae_inconvenience_store, uniq_snorg
D:11:     layout_basic, lair_entry_dummy, david_orc_1_choice
D:12:     layout_grid_maze, uniq_jorgrun
D:13:     layout_basic, serial_shops, nicolae_shop_stone,
          evilmike_ruin_ashenzari, uniq_lodul
D:14:     layout_loops_ring, david_vaults_5
D:15:     hangedman_depths_entry_civil_slaughter, layout_layer_cave,
          elyvilon_altar_4, minmay_alternating_orb
Temple:   dpeg_five_rooms_temple
Lair:1:   layout_cave_pods, minivault_19, grunt_megastairs_5
Lair:2:   layout_long_grid, guppyfry_snake_entry_garden, special_room
          [special_room_bee]
Lair:3:   layout_gridlike, minmay_shoals_entry_lonely_mermaid
Lair:4:   layout_layer_cave, minivault_11, grunt_megastairs_2, uniq_nessos
Lair:5:   nzn_winding_woodlands_cross [nzn_winding_woodlands_5x15_pool,
          nzn_winding_woodlands_5x15_jagged, nzn_winding_woodlands_5x15_parted,
          nzn_winding_woodlands_5x15_concentric,
          nzn_winding_woodlands_15x15_five_gardens], layout_cave_pods,
          enter_volcano_2
Lair:6:   hangedman_lair_tendril_chambers, layout_layer_cave, wormcave,
          dpeg_slime_entry_enclosed_altar, gauntlet_entry_generic
Shoals:1: layout_shoals, centaur_isle, uniq_frances
Shoals:2: layout_shoals, gammafunk_ghost_cemetery
Shoals:3: argonaut_golden_fleece, layout_shoals, st_sunken_temple, uniq_louise
Shoals:4: shoals_end_simple, layout_shoals, nicolae_shoals_beach_cooler
Snake:1:  layout_honeycomb
Snake:2:  layout_onion_interference
Snake:3:  layout_layer_cave, nicolae_shop_self_help, minmay_shop_grove
Snake:4:  grunt_snake_rune_spirals, layout_onion, basic_altar,
          nicolae_shop_gadgets
Orc:1:    layout_caves, basic_altar, portal_ice_cave_demonic_guard
Orc:2:    grunt_orc_tribal_feast, layout_caves, uniq_maurice
Elf:1:    layout_loops_corners, serial_shops, shop_statue,
          minmay_elf_annihilation
Elf:2:    elven_hall_of_blades_hangedman_alternative
          [nicolae_blade_entry_floor_patterns], layout_geoelf_octagon,
          nicolae_trove_entry_path_of_doom, uniq_saint_roka, uniq_aizul
Elf:3:    minmay_elf_hall_dome, layout_geoelf_castle, gammafunk_ghost_cemetery
Vaults:1: gammafunk_ghost_crypt, vaults_standard_mumra_enter_the_diamond,
          v_rooms_1, v_rooms_5, nicolae_vaults_big_angled_halls,
          vaults_dpeg_encased_lava, grunt_vaults_hallway_long,
          hangedman_vaults_nodes, vaults_room_ringed_pool,
          vaults_room_mumra_shop_pool, vaults_mumra_minichess, v_alt_pattern_6,
          nicolae_vaults_little_squares_2, layout_vaults_omnibox
Vaults:2: nicolae_vaults_little_squares_1, nicolae_vaults_shelves_hall,
          ontoclasm_vaults_loading_screen, vaults_dpeg_ring,
          layout_vaults_omnigrid
Vaults:3: nicolae_vaults_theta, nicolae_vaults_network_barrier, v_alt_pattern_5,
          minmay_crypt_entry_simple_statues, v_misc_2, nicolae_vaults_octagons,
          v_alt_pattern_2, v_misc_8, ontoclasm_vaults_ligature,
          vaults_room_corners, nicolae_vaults_border_crossing,
          layout_vaults_omnicross, uniq_margery
Vaults:4: v_rooms_2, v_misc_33, grunt_vaults_hallway_long, v_misc_22,
          ontoclasm_vaults_twist, v_misc_14, st_lines, v_misc_30,
          nicolae_vaults_alarming, layout_vaults_chaotic_city, serial_shops,
          shop
Vaults:5: uniq_bai_suzhen
Depths:1: layout_basic, enter_ziggurat_f, pan_entry, basic_altar,
          grunt_mini_vestibule, evilmike_minifort
Depths:2: minmay_bubble_buster, layout_cross, rand_demon_pan_entry_4,
          hangedman_coc_ice_floe
Depths:3: nicolae_whirlpool, layout_gridlike,
          nicolae_abyss_entry_one_way_or_another, good_gods_temple_1,
          grunt_hell_entry_dis_mu, solitary_fountain,
          roderic_lattice_octagonal_star, infiniplex_staircase_squiggle,
          firewood_loft, serial_bayou_shore_b
Depths:4: grunt_zot_entry_gee_three, layout_honeycomb, hell_entry, serial_shops,
          nicolae_diamond_shop, uniq_sojobo
Zot:1:    layout_twisted_circle
Zot:2:    layout_twisted_circle, uniq_josephina
Zot:3:    layout_cathedral_of_symmetry
Zot:4:    layout_basic
Zot:5:    layout_twisted_circle

Skill      XL: |  1  2  3  4  5  6  7  8  9 10 11 12 13 14 15 16 17 18 19 20 21 22 23 24 25 26 |
---------------+-------------------------------------------------------------------------------+-----
Invocations    | 1 2 3 4 5 6 7 8 9 10 11 12 13 14 15 16 17 18 19 | 19.0
Long Blades    | 1 2 3 4 5 6 7 8 9 10 11 12 13 14 15 16 17 | 17.6
Axes           | 1 2 3 4 5 6 7 8 9 10 11 12 13 14 15 16 17 | 17.6
Maces & Flails | 1 2 3 4 5 6 7 8 9 10 11 12 13 14 15 16 17 | 17.6
Polearms       | 1 2 3 4 5 6 7 8 9 10 11 12 13 14 15 16 17 | 17.6
Staves         | 1 2 3 4 5 6 7 8 9 10 11 12 13 14 15 17 18 19 20 | 20.7
Slings         | 1 2 3 4 5 6 7 8 9 10 11 12 13 14 15 16 17 | 17.6
Bows           | 1 2 3 4 5 6 7 8 9 10 11 12 13 14 15 16 17 | 17.6
Crossbows      | 1 2 3 4 5 6 7 8 9 10 11 12 13 14 15 16 17 | 17.6
Throwing       | 1 2 3 4 5 6 7 8 9 10 11 12 13 14 15 16 17 | 17.6
Armour         | 1 2 3 4 5 6 7 8 9 10 11 12 13 14 15 16 17 | 17.6
Dodging        | 1 2 3 4 5 6 7 8 9 10 11 12 13 14 15 16 17 | 17.6
Stealth        | 1 2 3 4 5 6 7 8 9 10 11 12 13 14 15 16 17 | 17.6
Shields        | 1 2 3 4 5 6 7 8 9 10 11 12 13 14 15 16 17 | 17.6
Unarmed Combat | 1 2 3 4 5 6 7 8 9 10 11 12 13 14 15 16 17 | 17.6
Evocations     | 1 2 3 4 5 6 7 8 9 10 11 12 13 14 15 16 17 | 17.6
Spellcasting   | 3 4 5 6 7 8 9 10 11 12 13 14 15 16 17 | 17.8
Conjurations   | 1 2 3 4 5 6 7 8 9 10 11 12 13 14 15 | 15.0
Hexes          | 1 2 3 4 5 6 7 8 9 10 11 12 13 14 15 | 15.0
Summonings     | 1 2 3 4 5 6 7 8 9 10 11 12 13 14 15 | 15.0
Necromancy     | 1 2 3 4 5 6 7 8 9 10 11 12 13 14 15 | 15.0
Translocations | 1 2 3 4 5 6 7 8 9 10 11 12 13 14 15 | 15.0
Transmutations | 1 2 3 4 5 6 7 8 9 10 11 12 13 14 15 | 15.0
Fire Magic     | 1 2 3 4 5 6 7 8 9 10 11 12 13 14 15 | 15.0
Ice Magic      | 1 2 3 4 5 6 7 8 9 10 11 12 13 14 15 16 | 16.3
Air Magic      | 1 2 3 4 5 6 7 8 9 10 11 12 13 14 15 16 17 18 | 18.2
Poison Magic   | 1 2 3 4 5 6 7 8 9 10 11 12 13 14 15 | 15.0
Fighting       | 7 8 9 10 11 12 13 14 15 16 17 18 | 18.6
Short Blades   | 7 8 9 10 11 12 13 14 15 16 17 18 | 18.6
Earth Magic    | 6 7 8 9 10 11 12 13 14 15 | 15.8

Action                   |  1- 3 |  4- 6 |  7- 9 | 10-12 | 13-15 | 16-18 | 19-21 | 22-24 | 25-27 || total
-------------------------+-------+-------+-------+-------+-------+-------+-------+-------+-------++-------
Melee: Short sword       |    99 |     2 |       |       |       |       |       |       |       ||   101
       Bite              |     5 |     9 |    26 |    72 |    89 |   111 |    94 |    71 |     8 ||   485
       Punch             |     2 |     2 |     3 |    17 |    24 |    32 |    67 |    67 |    49 ||   263
       Whip              |       |    75 |   133 |    82 |       |       |       |       |       ||   290
       Hand axe          |       |       |    27 |       |       |       |       |       |       ||    27
       Trident           |       |       |       |   366 |   330 |   821 |   314 |       |       ||  1831
       Unarmed           |       |       |       |       |   333 |   248 |   542 |   505 |   279 ||  1907
       Headbutt          |       |       |       |       |       |    19 |    75 |       |       ||    94
       Demon trident     |       |       |       |       |       |       |   257 |   217 |       ||   474
       Double sword      |       |       |       |       |       |       |       |   217 |    31 ||   248
Throw: Boomerang         |       |     7 |     4 |       |     4 |       |       |       |     1 ||    16
       Dart              |       |     6 |       |       |       |       |       |       |       ||     6
 Cast: Sandblast         |       |    25 |   147 |    69 |    24 |     2 |       |       |       ||   267
       Stone Arrow       |       |     6 |    16 |    89 |   108 |   119 |       |    10 |       ||   348
       Tukima's Dance    |       |       |       |    24 |     2 |     8 |       |       |       ||    34
       Blade Hands       |       |       |       |       |    44 |    14 |       |       |       ||    58
       Olgreb's Toxic Ra |       |       |       |       |     9 |    18 |       |     1 |       ||    28
       Fireball          |       |       |       |       |     3 |    22 |       |       |       ||    25
       Ignite Poison     |       |       |       |       |     2 |    10 |       |       |       ||    12
       Conjure Ball Ligh |       |       |       |       |       |    18 |       |       |       ||    18
       Summon Lightning  |       |       |       |       |       |     2 |       |     4 |       ||     6
       Storm Form        |       |       |       |       |       |    11 |    41 |    62 |    42 ||   156
       Borgnjor's Vile C |       |       |       |       |       |     1 |       |     7 |     2 ||    10
       Ozocubu's Refrige |       |       |       |       |       |       |       |    13 |    15 ||    28
       Ignition          |       |       |       |       |       |       |       |    34 |    12 ||    46
       Wereblood         |       |       |       |       |       |       |       |     3 |       ||     3
Invok: Slouch            |       |       |       |       |     6 |     1 |     6 |       |     5 ||    18
       Step From Time    |       |       |       |       |       |       |     1 |       |       ||     1
 Abil: End Transformatio |       |       |       |       |     3 |       |     1 |     2 |       ||     6
       Blinkbolt         |       |       |       |       |       |     1 |       |     8 |     5 ||    14
Evoke: Wand              |       |       |       |       |     9 |     7 |       |     2 |       ||    18
       Lightning rod     |       |       |       |       |     4 |     4 |       |       |       ||     8
       Phantom mirror    |       |       |       |       |     1 |     2 |       |     3 |       ||     6
       Condenser vane    |       |       |       |       |       |       |       |     2 |     1 ||     3
  Use: Scroll            |     7 |     2 |     9 |    10 |    11 |     9 |     5 |    10 |     4 ||    67
       Potion            |       |       |       |     1 |     3 |     1 |     5 |     2 |       ||    12
 Stab: Sleeping          |     3 |       |     4 |    12 |     6 |    38 |    29 |    18 |     3 ||   113
       Paralysed         |       |       |       |       |    11 |     2 |       |       |       ||    13
       Petrified         |       |       |       |       |     3 |       |       |       |       ||     3
       Distracted        |       |       |       |       |     7 |    11 |     5 |     7 |       ||    30
Armor: Robe              |    31 |    24 |    60 |       |       |       |       |       |       ||   115
       Leather armour    |       |       |    32 |   139 |   188 |   224 |   112 |   135 |    20 ||   850
       Steam dragon scal |       |       |       |       |     1 |       |       |       |       ||     1
       Skin              |       |       |       |       |       |    23 |   118 |   105 |    75 ||   321
Dodge: Dodged            |    44 |    45 |   157 |   404 |   661 |   789 |  1221 |  1083 |   572 ||  4976
Block: Kite shield       |       |       |       |   100 |   312 |   492 |   400 |   288 |    49 ||  1641
       Reflection        |       |       |       |       |     7 |    54 |    69 |    25 |     1 ||   156

Table legend: (Time is in decaauts)
 A = Elapsed time spent in this place.
 B = Non-inter-level travel time spent in this place.
 C = Inter-level travel time spent in this place.
 D = Time resting spent in this place.
 E = Time spent auto-exploring this place.
 F = Levels seen in this place.
 G = Mean time per level.
                   A        B        C        D        E       F      G
               +--------+--------+--------+--------+--------+-----+--------+
         Total | 107682 | 100020 |   7662 |  25537 |  54188 |  52 | 2070.8 |
       Dungeon |  27897 |  25177 |   2720 |   8363 |  12266 |  15 | 1859.8 |
        Temple |    211 |    118 |     93 |      0 |    105 |   1 |  211.0 |
          Lair |  16995 |  15580 |   1415 |   4192 |   8469 |   6 | 2832.5 |
        Shoals |   6920 |   6738 |    182 |    361 |   4832 |   4 | 1730.0 |
     Snake Pit |  10911 |  10697 |    214 |   2235 |   6210 |   4 | 2727.8 |
  Orcish Mines |   3204 |   2938 |    266 |    751 |   1594 |   2 | 1602.0 |
   Elven Halls |   9125 |   8391 |    734 |   2960 |   3356 |   3 | 3041.7 |
        Vaults |  14999 |  13504 |   1495 |   2614 |   7862 |   5 | 2999.8 |
        Depths |   6775 |   6508 |    267 |    789 |   4454 |   4 | 1693.8 |
           Zot |   7856 |   7585 |    271 |   1726 |   4736 |   5 | 1571.2 |
      Ice Cave |    577 |    577 |      0 |    366 |      0 |   1 |  577.0 |
       Volcano |   1282 |   1282 |      0 |    741 |     50 |   1 | 1282.0 |
      Gauntlet |    924 |    924 |      0 |    437 |    252 |   1 |  924.0 |
               +--------+--------+--------+--------+--------+-----+--------+

Top non-repeatable levels by time:
  Lair:5: 4222 daAuts
   Elf:1: 3754 daAuts
    D:11: 3721 daAuts
Vaults:5: 3540 daAuts
   Elf:3: 3413 daAuts
  Lair:4: 3286 daAuts
  Lair:6: 3241 daAuts
 Snake:1: 3146 daAuts
Vaults:4: 3144 daAuts
Vaults:1: 3044 daAuts
    D:12: 2974 daAuts
   Zot:3: 2911 daAuts
    D:15: 2876 daAuts
Vaults:3: 2865 daAuts
 Snake:4: 2806 daAuts
